Applejack, chaotic male elven Priest ... ---@....- ..G...... -----.f.- --..-- --- -....---.| ---- .........-----..| .----........| |.-----.-| |.-- |..-- --..-- |...| |....| |..-- |<...| ---- --...-- -...| ---- Applejack the Acolyte Experience level: 3 Strength: 13 Dexterity: 12 Constitution: 12 Intelligence: 9 Wisdom: 20 Charisma: 9 Health: 0(27) Energy: 40(40) Def: 5 Gold: 474 Moves: 1874 Dungeon seed: NIDhM21ot8INcqwS Game ID: Applejack_1615233456 Your Inventory: Coins $ - 474 gold pieces Weapons a - a blessed +1 mace (weapon in hand) m - a +0 orcish dagger (alternate weapon; not wielded) D - a poisoned +0 dart Armor e - a +0 robe (being worn) n - a +0 small shield (being worn) q - a +1 orcish helm (being worn) Comestibles c - a clove of garlic d - 2 sprigs of wolfsbane j - 4 food rations C - a pear F - a fortune cookie Spellbooks f - a spellbook of healing g - a spellbook of extra healing t - a spellbook of teleport away Potions b - 4 potions of holy water Rings s - a -1 ring of gain constitution Wands l - a wand of locking (0:3) r - a wand of sleep (0:7) Tools h - a bell k - a tallow candle (0:200) x - a magic marker (0:73) B - a blindfold G - a skeleton key Gems y - 2 worthless pieces of green glass z - a chrysoberyl stone Spells and supernatural/magical abilities: Name Level Category Fail Memory h - healing 1 healing 0% 91% t - teleport away 6 escape 99% 99% x - extra healing 3 healing 61% 91% W - pray for help -- divine ? -- X - turn undead -- divine ? -- Your skills at the end: Fighting Skills Weapon Skills mace [Basic] Spellcasting Skills clerical spells [Basic] Final Attributes: You were piously aligned. You had infravision. You are dead. Vanquished creatures: a floating eye 2 acid blobs a hobbit 2 manes 2 large kobolds 2 giant rats a gnome 7 jackals 2 foxes 2 goblins 6 sewer rats 5 grid bugs 6 newts 39 creatures vanquished. Voluntary challenges: You were an atheist. You used a wielded weapon 38 times, starting on turn 6. You read items or engraved 40 times, starting on turn 603. You never genocided any monsters. You never polymorphed an object. You never changed form. You used no wishes. You never split a pudding. You never wrote Elbereth's name. You never violated your personal moral code. Dungeon overview: The Dungeons of Doom: levels 1 to 5 Level 1 a long staircase Level 2 an altar to Hermes, a fountain Level 3 a general store Level 4 some fountains stairs to The Gnomish Mines Level 5 The Gnomish Mines: Level 5 <- You were here stairs to The Dungeons of Doom History has recorded: On T:1 you entered the Dungeons of Doom to retrieve the Amulet of Yendor! On T:314 you reached level 2 of The Dungeons of Doom. On T:453 you advanced to experience level 2. On T:954 you reached level 3 of The Dungeons of Doom. On T:1312 you advanced to experience level 3. On T:1330 you reached level 4 of The Dungeons of Doom. On T:1644 you reached level 5 of The Dungeons of Doom. On T:1794 you reached level 1 of The Gnomish Mines. Score breakdown: Gold: 474 ( 9105 points) Experience: 3 levels ( 7878 points) Exploration: 5 levels ( 10.20%) ( 8660 points) Discoveries: 5 items ( 1.74%) ( 3959 points) Valuables value: (no points given unless you survive) Artifact value: 0 ( 0 points) Variety of kills: 13 monsters ( 3.41%) ( 5541 points) Turncount: 1874 turns ( 0 points) Survival: died (score multiplied by 80%) Total score: 28114 Latest messages: You hear the splashing of a naiad. You can't go up here. Never mind. You hear a distant squeak. (4x) You displace Qwerty. You hear a distant squeak. (2x) You see here a key. G - a key. You stop running. Please move the cursor to an unknown object. A gnome king [seen: infravision] on an unexplored area. You hear a distant squeak. The gnome king wields a dagger! You hit the gnome king! The gnome king thrusts his dagger. The gnome king hits! You hit the gnome king. (2x) The gnome king thrusts his dagger. The gnome king hits! You miss the gnome king. The gnome king thrusts his dagger. The gnome king hits! You die... Final status: Goodbye Applejack the Priest, killed by a gnome king... You died in The Gnomish Mines on dungeon level 5 with 28114 points, and 474 pieces of gold, after 1874 moves. You were level 3 with a maximum of 27 hit points when you died.